AoeStats
← NumberSwing5845

Migration

508031067Analyzed
1v1 RM · 10d ago on Sep 20, 2026· 51m 48s· 2 players
Game mode
Random Map
Map size
132×132
Population
200
Speed
Normal
Resources
Standard
Victory
Conquest
Starting age
Dark Age
Ending age
Imperial Age
RankedLock teamsTeams togetherTeam positionsShared explorationLock speedFull tech treeHidden civsTurbo modeCheats
Victory
Defeat
🇩🇪 Dravidians · Germany
527
+14
🇩🇪 Vietnamese · Germany
479
-14
NumberSwing5845
7:10 Loom
11:52 Feudal Age
10:09 Loom
13:10 Fishing Lines
13:26 Town Watch
14:52 Fletching
15:06 Padded Archer Armor
17:39 Wheelbarrow
17:28 Forging
20:38 Scale Mail Armor
37:29 Castle Age
38:56 Medium Warships
40:10 Hand Cart
39:53 Gold Mining
42:14 Double-Bit Axe
42:15 Horse Collar
41:59 Elite Skirmisher
42:01 Crossbowman
42:47 Thumb Ring
42:41 Bodkin Arrow
43:01 Leather Archer Armor
46:37 Iron Casting
47:17 Squires
Yax Chitam.22
0:26 Loom
14:08 Feudal Age
12:23 Loom
14:47 Fishing Lines
15:13 Double-Bit Axe
16:08 Wheelbarrow
15:43 Arson
16:01 Man-at-Arms
23:34 Forging
23:25 Scale Mail Armor
28:19 Castle Age
29:35 Medium Warships
29:17 Gillnets
30:32 Iron Casting
31:15 Horse Collar
31:47 Bow Saw
35:45 Hand Cart
38:39 Town Watch
39:23 Long Swordsman
39:24 Pikeman
39:49 Gambesons
40:04 Squires
44:32 Imperial Age
42:04 Town Patrol
42:26 Careening
42:27 Clinker Construction
42:12 Murder Holes
44:05 Husbandry
43:25 Light Cavalry
43:58 Fletching
44:25 Chain Mail Armor
44:16 Scale Barding Armor
46:23 Chemistry
45:44 Ballistics
45:46 Dry Dock
45:47 Carvel Hull
47:17 Heavy Warships
50:56 Conscription
Connection lost

Rejoining the realm…

Still unreachable

The connection could not be restored.

Session expired

The server has moved on; the page needs a fresh start.